AoeStats
← callummitchell7511

Arabia

509661252Analyzed
2v2 RM · 4d ago on Sep 27, 2026· 86m 26s· 4 players
Game mode
Random Map
Map size
Medium (4 player)
Population
200
Speed
Normal
Resources
Standard
Victory
Conquest
Starting age
Dark Age
Ending age
Imperial Age
RankedLock teamsTeams togetherTeam positionsShared explorationLock speedFull tech treeHidden civsTurbo modeCheats
Victory
Defeat
🇬🇧 Danes · United Kingdom
1136
+18
🇬🇧 Mongols · United Kingdom
1127
+18
🇮🇹 Celts · Italy
1199
-19
🇮🇹 Persians · Italy
1147
-17
callummitchell7511
9:18 Feudal Age
8:35 Loom
12:05 Double-Bit Axe
14:59 Forging
16:00 Horse Collar
19:52 Padded Archer Armor
23:43 Castle Age
21:58 Fletching
23:52 Scale Barding Armor
24:19 Bloodlines
24:03 Gold Mining
23:48 Elite Skirmisher
24:29 Town Watch
24:43 Bodkin Arrow
25:56 Wheelbarrow
27:40 Chain Barding Armor
28:15 Iron Casting
28:22 Bow Saw
28:23 Husbandry
30:13 Pikeman
33:04 Heavy Plow
35:23 Leather Archer Armor
40:06 Imperial Age
39:31 Gold Shaft Mining
39:54 Squires
39:39 Arson
40:39 Thumb Ring
42:14 Blast Furnace
43:48 Elite Steppe Lancer
44:59 Bracer
53:16 Conscription
60:36 Hand Cart
59:52 Light Cavalry
62:16 Caravan
67:28 Hussar
68:54 Scale Mail Armor
69:27 Ballistics
70:08 Chemistry
69:14 Siege Engineers
69:20 Masonry
kyleanderson041199
6:53 Loom
9:52 Feudal Age
10:15 Man-at-Arms
10:41 Arson
11:50 Forging
13:24 Scale Mail Armor
18:27 Town Watch
21:46 Castle Age
21:01 Gold Mining
22:12 Fletching
22:23 Padded Archer Armor
22:17 Gambesons
23:22 Squires
24:15 Leather Archer Armor
23:50 Long Swordsman
24:50 Horse Collar
25:06 Double-Bit Axe
29:35 Gold Shaft Mining
29:45 Iron Casting
29:43 Bodkin Arrow
31:15 Chain Mail Armor
32:17 Thumb Ring
32:58 Heavy Plow
38:32 Stone Mining
40:07 Bloodlines
39:58 Husbandry
45:27 Wheelbarrow
46:58 Stone Shaft Mining
59:25 Imperial Age
59:35 Onager
60:03 Capped Ram
60:30 Northmen's Fury
62:00 Hand Cart
61:38 Cranequins
63:52 Caravan
63:39 Siege Onager
65:39 Elite Varangian Guard
72:40 Bow Saw
79:48 Siege Engineers
80:44 Chemistry
80:05 Ballistics
79:56 Masonry
84:22 Conscription
86:03 Pikeman
Silverchain
7:25 Loom
9:38 Feudal Age
10:11 Double-Bit Axe
12:53 Gold Mining
12:53 Town Watch
17:33 Fletching
20:24 Castle Age
19:12 Horse Collar
19:26 Stone Mining
19:45 Padded Archer Armor
20:40 Bloodlines
20:55 Forging
22:33 Scale Barding Armor
22:17 Crossbowman
28:06 Ballistics
30:06 Leather Archer Armor
34:05 Wheelbarrow
34:02 Bow Saw
33:56 Heavy Plow
35:56 Hand Cart
37:23 Town Patrol
38:32 Kamandaran
40:10 Thumb Ring
41:43 Iron Casting
45:55 Imperial Age
Il Gallaccio
6:39 Loom
9:48 Feudal Age
10:48 Double-Bit Axe
26:40 Castle Age
25:28 Fletching
30:57 Wheelbarrow
31:16 Bow Saw
35:18 Horse Collar
35:53 Gold Mining
41:00 Imperial Age
39:12 Heavy Plow
40:01 Hand Cart
41:33 Forging
41:23 Scale Mail Armor
41:16 Capped Ram
43:51 Chemistry
43:47 Conscription
44:08 Heavy Scorpion
45:42 Iron Casting
46:57 Chain Mail Armor
47:12 Ballistics
47:37 Murder Holes
48:26 Plate Mail Armor
47:55 Arson
50:43 Furor Celtica
50:51 Elite Woad Raider
52:01 Siege Ram
58:25 Blast Furnace
64:26 Gambesons
64:01 Pikeman
65:12 Halberdier
68:42 Light Cavalry
69:22 Husbandry
69:28 Scale Barding Armor
69:27 Cavalier
69:31 Hussar
70:32 Chain Barding Armor
Connection lost

Rejoining the realm…

Still unreachable

The connection could not be restored.

Session expired

The server has moved on; the page needs a fresh start.